AoeStats
← Lord Laggington

Hideout

514800707Analyzed
2v2 RM · 18d ago on Oct 19, 2026· 24m 25s· 4 players
Game mode
Random Map
Map size
Medium (4 player)
Population
200
Speed
Normal
Resources
Standard
Victory
Conquest
Starting age
Dark Age
Ending age
Imperial Age
RankedLock teamsTeams togetherTeam positionsShared explorationLock speedFull tech treeHidden civsTurbo modeCheats
Victory
Defeat
🇦🇷 Khmer · Argentina
1039
+16
🇦🇷 Armenians · Argentina
1034
+16
vs
🇩🇪 Celts · Germany
1051
-16
🇩🇪 Mongols · Germany
1040
-16
Franklin
5:16 Loom
9:52 Feudal Age
10:43 Double-Bit Axe
12:46 Horse Collar
15:13 Forging
15:14 Scale Mail Armor
15:46 Man-at-Arms
16:44 Long Swordsman
18:18 Arson
24:11 Castle Age
Mek666nix
10:31 Feudal Age
13:22 Castle Age
11:29 Stone Mining
11:50 Double-Bit Axe
13:12 Horse Collar
21:48 Gold Mining
Lord Laggington
4:05 Loom
10:22 Feudal Age
15:15 Castle Age
15:57 Wheelbarrow
15:32 Horse Collar
18:10 Double-Bit Axe
18:28 Man-at-Arms
18:55 Gambesons
20:41 Town Watch
21:11 Bow Saw
21:01 Pikeman
22:49 Scale Mail Armor
23:44 Heavy Plow
24:18 Chain Mail Armor
novusb4
8:39 Loom
10:24 Feudal Age
9:19 Loom
11:05 Feudal Age
16:20 Castle Age
14:26 Double-Bit Axe
15:19 Scale Barding Armor
15:33 Gold Mining
15:48 Horse Collar
16:52 Bloodlines
19:44 Forging
21:45 Chain Barding Armor
Connection lost

Rejoining the realm…

Still unreachable

The connection could not be restored.

Session expired

The server has moved on; the page needs a fresh start.